 Dungeon Crawl Stone Soup version 0.29-a0-892-g2c4c91d9db (webtiles) character file.

Game seed: 4648982883896659615

38 purpskrrrp the Shooter (level 3, 0/28 HPs)
             Began as a Formicid Hunter on July 23, 2022.
             Slain by a goblin
             ... wielding a +0 club
             ... led by Robin
              (4 damage)
             ... on level 2 of the Dungeon.
             The game lasted 00:06:06 (918 turns).

purpskrrrp the Shooter (Formicid Hunter)             Turns: 918, Time: 00:06:07

Health: 0/28       AC:  3    Str: 15    XL:     3   Next: 65%
Magic:  3/3        EV: 12    Int:  8    God:
Gold:   93         SH:  0    Dex: 19    Spells: 2/2 levels left

rFire   . . .      SeeInvis +   a - +0 shortbow
rCold   . . .      Faith    .   (no shield)
rNeg    . . .      Spirit   .   c - +0 leather armour
rPois   .          Reflect  .   (helmet unavailable)
rElec   .          Harm     .   (no cloak)
rCorr   .          Rampage  .   (no gloves)
Will    .....                   (no boots)
Stlth   ++........              (no amulet)
HPRegen 0.09/turn               (no ring)
MPRegen 0.08/turn               (no ring)

@: no status effects
A: permanent stasis, dig shafts and tunnels, antennae 3, four strong arms
a: Dig, Shaft Self


You were on level 2 of the Dungeon.
You visited 1 branch of the dungeon, and saw 2 of its levels.

You collected 93 gold pieces.

Inventory:

Hand Weapons
 a - a +0 shortbow (weapon)
Missiles
 j - 4 silver boomerangs
Armour
 c - a +0 leather armour (worn)
 e - an orb of wrath
Jewellery
 d - an amulet of magic regeneration
Scrolls
 b - a scroll of immolation
Potions
 g - a potion of degeneration {unknown}
 h - a potion of heal wounds {unknown}
 i - 2 potions of flight


   Skills:
 + Level 2.5 Fighting
 + Level 4.8 Ranged Weapons
 + Level 0.2 Armour
 + Level 1.8 Dodging
 + Level 1.8 Stealth


You had 2 spell levels left.
You didn't know any spells.
Your spell library was empty.

Dungeon Overview and Level Annotations

Branches:
Dungeon (2/15)

Altars:

Annotations:
D:2 Robin


Innate Abilities, Weirdness & Mutations

You cannot be hasted, slowed, berserked, paralysed or teleported.
You can dig through walls and to a lower floor.
You have a pair of large antennae on your head. (SInv)
Your four strong arms can wield two-handed weapons with a shield.


Message History

You shoot an arrow. The arrow hits the goblin.
The goblin is severely wounded.
The goblin hits you with a +0 dagger. The goblin completely misses you.
The goblin hits you but does no damage. The goblin hits you with a +0 club.
You are too injured to fight recklessly!
Fire: a) +0 shortbow
Press: ? - help, Shift-Dir - straight line, f - goblin, p - goblin
Aim: a goblin, wielding a +0 dagger (strong, 58% to hit)
You shoot an arrow. The arrow barely misses the goblin.
You hear a shout! x2
The goblin hits you with a +0 dagger. The goblin completely misses you.
Unknown command.
Really attack while wielding your +0 shortbow? [Y]es or [N]o only, please.
Really attack while wielding your +0 shortbow?
Okay, then.
Fire: a) +0 shortbow
Press: ? - help, Shift-Dir - straight line, f/p - goblin
Aim: a goblin, wielding a +0 dagger (strong, 58% to hit)
You shoot an arrow. The arrow hits the goblin!
You kill the goblin!
The goblin misses you.
The goblin throws a stone.
The stone hits you but does no damage. The goblin attacks as you move away!
The goblin hits you with a +0 club.
* * * LOW HITPOINT WARNING * * *
A goblin comes into view. It is wielding a +0 dagger.
The goblin shouts!
Robin roars a battlecry!
The goblin goes into a battle-frenzy!
You see here a +0 dagger.
The goblin no longer looks unusually strong.
The goblin hits you but does no damage. The goblin barely misses you.
Robin throws the goblin at you!
* * * LOW HITPOINT WARNING * * *
The goblin misses you.
As you read the scroll labelled ENOBRE DOBA, it crumbles to dust.
It is a scroll of identify.
i - 2 potions of flight The goblin hits you with a +0 club.
You die...

##.########............≈.P.#
###....................≈≈≈≈..##
..............####.##..≈≈≈≈....
#..#......###..........≈≈≈.....
..........########.##.P........
.........{{........##..........
..##....g.#######..............
......).g.g.wggg##.##.....†....
.#....g.######@###.##..........
........# #g# #.####........
$###......# ###.#
#.##.)†....... ..##.###.)
##...###..#.####.#.## ..#. ##.
#.....<##.#.##...#.# #.# ##
#....###.##..[#..#.#.# ##.. .#
##g. . #..#..##.##.#.#
##..l#.#...gg.# #..†.....#....#
............. #........#.#.##


You could see Robin, a dart slug and 6 goblins.

Vanquished Creatures
  A worm (D:2)
  6 endoplasms
  2 giant cockroaches
  3 hobgoblins
  2 kobolds
  A quokka (D:1)
  3 ball pythons
  2 bats (D:1)
  2 frilled lizards
  6 goblins
  2 rats
30 creatures vanquished.

Vanquished Creatures (others)
  A withered plant (D:2)
1 creature vanquished.

Grand Total: 31 creatures vanquished

Notes
Turn   | Place    | Note
-------+----------+-------------------------------------------
     0 | D:1      | purpskrrrp the Formicid Hunter began the quest for the Orb.
     0 | D:1      | Reached XP level 1. HP: 16/16 MP: 1/1
   118 | D:1      | Reached XP level 2. HP: 22/22 MP: 2/2
   750 | D:2      | Noticed Robin
   810 | D:2      | Reached XP level 3. HP: 28/28 MP: 3/3
   918 | D:2      | Slain by a goblin

Illustrated notes

Levels and vault maps discovered:
D:1:      dpeg_chamrin_arrival_tetris, layout_basic
D:2:      layout_rooms, basic_ecumenical_altar, serial_undead, serial_undead_b,
          serial_undead_a, serial_undead_c, serial_undead_f, uniq_robin

Action                   || total
-------------------------++-------
 Fire: Shortbow          ||    81
  Use: Scroll            ||     1
Armor: Leather armour    ||    13
Dodge: Dodged            ||    33

Table legend: (Time is in decaauts)
 A = Elapsed time spent in this place.
 B = Non-inter-level travel time spent in this place.
 C = Inter-level travel time spent in this place.
 D = Time resting spent in this place.
 E = Time spent auto-exploring this place.
 F = Levels seen in this place.
 G = Mean time per level.
                   A        B        C        D        E       F      G
               +--------+--------+--------+--------+--------+-----+--------+
         Total |    943 |    923 |     20 |      0 |    698 |   2 |  471.5 |
       Dungeon |    943 |    923 |     20 |      0 |    698 |   2 |  471.5 |
               +--------+--------+--------+--------+--------+-----+--------+

Top non-repeatable levels by time:
     D:1: 808 daAuts
     D:2: 134 daAuts
